 Dungeon Crawl Stone Soup version 0.27-a0-773-gaaee5cf45b (webtiles) character file.

Game seed: 11212818482886669181

219 spiderkeys the Poker (level 5, -5/47 HPs)
             Began as a Minotaur Berserker on Mar 25, 2021.
             Was a Believer of Trog.
             Slain by a killer bee (6 damage)
             ... on level 2 of the Dungeon.
             The game lasted 00:02:42 (1759 turns).

spiderkeys the Poker (Minotaur Berserker)           Turns: 1759, Time: 00:02:42

Health: -5/47      AC:  9    Str: 23    XL:     5   Next: 63%
Magic:  4/4        EV:  8    Int:  4    God:    Trog [**....]
Gold:   105        SH:  3    Dex:  9    Spells: 4/4 levels left

rFire    . . .     SeeInvis .   a - +0 spear
rCold    . . .     Faith    .   j - +0 buckler
rNeg     . . .     Spirit   .   f - +0 chain mail
rPois    +         Reflect  .   (helmet restricted)
rElec    .         Harm     .   (no cloak)
rCorr    .         Rampage  .   (no gloves)
Will     .....                  (no boots)
Stlth    ..........             (no amulet)
HPRegen  0.15/turn              d - ring of poison resistance
MPRegen  0.09/turn              (no ring)

@: berserk cooldown, slowed, very slow
A: horns 2, retaliatory headbutt
a: Renounce Religion, Berserk, Trog's Hand


You were on level 2 of the Dungeon.
You worshipped Trog.
Trog was pleased with you.
You visited 1 branch of the dungeon, and saw 3 of its levels.

You collected 105 gold pieces.

Inventory:

Hand Weapons
 a - a +0 spear (weapon)
Armour
 f - a +0 chain mail (worn)
 j - a +0 buckler (worn)
Jewellery
 d - a ring of poison resistance (right hand)
 g - a ring of magical power
Scrolls
 b - 2 scrolls of enchant weapon {unknown}
 c - a scroll of vulnerability {unknown}
 h - a scroll of fear {unknown}
Potions
 i - a potion of magic {unknown}


   Skills:
 + Level 4.6 Fighting
 * Level 5.5 Polearms
 + Level 3.7 Armour
 + Level 3.4 Dodging
 + Level 1.0 Shields


You had 4 spell levels left.
You didn't know any spells.
Your spell library was empty.

Dungeon Overview and Level Annotations

Branches:
Dungeon (3/15)

Altars:
Fedhas
Trog

Shops:
D:1 (


Innate Abilities, Weirdness & Mutations

You have a pair of horns on your head.
You reflexively headbutt those who attack you in melee.


Message History

Your Shields skill increases to level 1!
It was a potion of curing.
You feel better. The killer bee misses you.
The killer bee stings you but does no damage.
You hit the killer bee.
The killer bee is lightly wounded.
The killer bee barely misses you. x2; You furiously retaliate!
You headbutt the killer bee, but do no damage.
The killer bee completely misses you.
You barely miss the killer bee.
The killer bee is lightly wounded.
The killer bee barely misses you. The killer bee closely misses you.
You closely miss the killer bee.
The killer bee is lightly wounded.
You block the killer bee's attack.
The killer bee stings you but does no damage.
The killer bee stings you.
You miss the killer bee.
The killer bee is lightly wounded.
The killer bee stings you but does no damage.
The killer bee stings you.
* * * LOW HITPOINT WARNING * * *
You block the killer bee's attack.
You hit the killer bee but do no damage.
You headbutt the killer bee!
The killer bee is severely wounded.
The killer bee barely misses you. The killer bee stings you.
* * * LOW HITPOINT WARNING * * *
The killer bee stings you.
* * * LOW HITPOINT WARNING * * *
You hit the killer bee.
The killer bee is severely wounded.
The killer bee stings you.
* * * LOW HITPOINT WARNING * * *
The killer bee stings you.
* * * LOW HITPOINT WARNING * * *
Unknown command.
You closely miss the killer bee.
The killer bee is severely wounded.
The killer bee stings you.
You die...

# #.....................#
# #.#.#######..#######..#
#.#.# #..#######<.####
########.#.#
#...............
......##.#.#
#.########..#..#
#####.##.#.# #.# #..#..# #
#.##.#.# #.# #[.#..# #
#.##.#.#######.# #.^#..# #
#.##.#......@y.# ###..#..#
#####.##.#.#########
##.#.รท#..# ......##.#.#
##(........ .#.#####.#(#
###.......... .#.#
#.#.##########...[...##...
.#.#
#.#............###.#.##.#.
.#.# #..........#####
#.#...... .#.#
###.######.## #.#.##.#.
.#.# #.# #..##############


You could see a killer bee.

Vanquished Creatures
  A wyvern zombie (D:2)
  2 killer bees
  2 adders (D:2)
  A worm (D:2)
  6 ball pythons
  3 bats (D:1)
  3 endoplasms (D:1)
  A giant cockroach (D:1)
  10 goblins
  4 hobgoblins
  3 jackals (D:1)
  4 kobolds (D:2)
  A quokka (D:2)
  3 frilled lizards
  2 rats (D:1)
46 creatures vanquished.

Notes
Turn   | Place    | Note
-------+----------+-------------------------------------------
     0 | D:1      | spiderkeys the Minotaur Berserker began the quest for the
                  | Orb.
     0 | D:1      | Reached XP level 1. HP: 19/19 MP: 0/0
   371 | D:1      | Reached XP level 2. HP: 26/27 MP: 1/1
   372 | D:1      | Reached skill level 4 in Polearms
   474 | D:1      | Reached ** piety under Trog
   523 | D:1      | Found Nawuobla's Antique Weapon Shoppe.
   537 | D:1      | Reached XP level 3. HP: 33/33 MP: 2/2
   888 | D:2      | Reached XP level 4. HP: 11/41 MP: 3/3
  1208 | D:2      | Found a bloodstained altar of Trog.
  1297 | D:2      | Reached skill level 5 in Polearms
  1361 | D:2      | Found a blossoming altar of Fedhas.
  1746 | D:3      | Reached XP level 5. HP: 24/47 MP: 4/4
  1752 | D:2      | Reached skill level 1 in Shields
  1758 | D:2      | HP: 1/47 [killer bee (4)]
  1759 | D:2      | Slain by a killer bee

Illustrated notes

Levels and vault maps discovered:
D:1:      scummos_arrival_hexagon, layout_basic, serial_shops,
          nicolae_shop_behind_doors, kennysheep_minor_cross
D:2:      layout_loops_ring, lemuel_coloured_pillars_altar,
          trog_three_pillars_becter
D:3:      layout_loops_ring, gammafunk_ghost_grave,
          hangedman_decor_diamond_cutter, chequers_serial_rivers_micro_d,
          okawaru_gym_becter

Skill      XL: |  1  2  3  4  5 |
---------------+----------------+-----
Polearms       | 4 5 |  5.5
Fighting       | 4 |  4.6
Armour         | 3 |  3.7
Dodging        | 3 |  3.4
Shields        | 1 |  1.0

Action                   |  1- 3 |  4- 6 || total
-------------------------+-------+-------++-------
Melee: Spear             |    78 |    65 ||   143
       Headbutt          |    10 |     6 ||    16
Invok: Berserk           |     2 |     1 ||     3
  Use: Potion            |       |     1 ||     1
Armor: Animal skin       |     7 |       ||     7
       Ring mail         |     9 |     5 ||    14
       Chain mail        |       |    21 ||    21
Dodge: Dodged            |    28 |    40 ||    68
Block: Buckler           |       |     8 ||     8

Table legend: (Time is in decaauts)
 A = Elapsed time spent in this place.
 B = Non-inter-level travel time spent in this place.
 C = Inter-level travel time spent in this place.
 D = Time resting spent in this place.
 E = Time spent auto-exploring this place.
 F = Levels seen in this place.
 G = Mean time per level.
                   A        B        C        D        E       F      G
               +--------+--------+--------+--------+--------+-----+--------+
         Total |   1766 |   1706 |     60 |    351 |   1078 |   3 |  588.7 |
       Dungeon |   1766 |   1706 |     60 |    351 |   1078 |   3 |  588.7 |
               +--------+--------+--------+--------+--------+-----+--------+

Top non-repeatable levels by time:
     D:2: 977 daAuts
     D:1: 780 daAuts
     D:3: 9 daAuts
